Map: Romanticide LE

Players

kyama - Winner!

  • Race: Zerg Zerg
  • League: Platinum

weirdfriend

  • Race: Zerg Zerg
  • League: Platinum

VOD

Have the link to the VOD?

Description

Time

  • Played on: Oct. 10, 2021, 2:50 a.m.
  • Length: 11:13
Show
View Real Time Build Order
Export as new Build Order

kyama Zerg - Winner!

Build Orders: Hatch First 

Get SALT Encoding   

  12  0:01  Drone  
  13  0:12  Overlord  
  13  0:16  Drone  
  14  0:31  Drone x2  
  16  0:50  Hatchery  
  15  1:05  Drone x3  
  18  1:16  Spawning Pool  
  18  1:17  Drone  
  18  1:28  Drone  
  19  1:44  Hatchery  
  18  1:51  Overlord  
  18  2:04  Queen  
  18  2:06  Queen  
  22  2:09  Zergling x2  
  22  2:12  Zergling x2  
  24  2:18  Drone x2  
  24  2:21  Drone  
  27  2:28  Drone x2  
  29  2:38  Drone x2  
  31  2:45  Overlord  
  31  2:54  Overlord  
  31  2:58  Drone  
  31  2:59  Drone x2  
  31  3:02  Queen  
  36  3:09  Extractor  
  36  3:11  Drone x3  
  36  3:12  Extractor  
  37  3:19  Roach Warren  
  34  3:28  Drone  
  34  3:29  Drone x6  
  41  3:47  Drone x5  
  41  3:48  Overlord  
  46  4:02  Drone  
  47  4:03  Drone x5  
  47  4:08  Lair  
  53  4:10  Drone  
  53  4:17  Overlord x2  
  53  4:25  Drone x7  
  53  4:26  Drone x3  
  63  4:36  Extractor  
  63  4:38  Extractor  
  61  4:40  Overlord  
  61  4:47  Roach  
  61  4:48  Roach x4  
  73  4:52  Roach  
  73  4:55  Overlord x2  
  73  5:03  Drone x5  
  73  5:04  Drone x3  
  81  5:22  Evolution Chamber  
  81  5:26  Roach  
  81  5:27  Hydralisk Den, Roach x5  
  91  5:28  Overlord  
  91  5:29  Overlord  
  93  5:42  Roach x3  
  97  5:45  Drone  
  98  5:57  Roach  
  98  5:58  Roach x5  
  98  6:01  Roach  
  98  6:02  Roach  
  114  6:05  Overlord x2  
  114  6:16  Overlord x3  
  114  6:23  Spore Crawler  
  113  6:26  Spore Crawler  
  112  6:33  Grooved Spines  
  112  6:36  Spore Crawler, Zerg Missile Weapons Level 1  
  112  6:38  Hatchery  
  110  6:42  Infestation Pit  
  109  6:48  Drone x9  
  109  6:51  Extractor  
  109  6:53  Roach  
  109  6:54  Extractor, Roach x2  
  122  7:02  Pneumatized Carapace  
  122  7:05  Roach x6  
  134  7:16  Roach  
  134  7:17  Roach x5  
  146  7:26  Overlord  
  146  7:27  Overlord x4  
  146  7:36  Overlord x5  
  146  7:44  Muscular Augments  
  146  7:46  Roach x2  
  146  7:47  Roach  
  152  7:56  Roach  
  152  7:57  Roach x3  
  154  7:59  Overseer  
  154  8:01  Roach  
  154  8:02  Roach x4  
  160  8:09  Roach x3  
  154  8:15  Roach  
  154  8:16  Roach x5  
  154  8:19  Queen  
  168  8:21  Drone x2  
  170  8:32  Roach  
  170  8:33  Roach x7  
  186  8:41  Spore Crawler  
  185  8:46  Roach  
  185  8:47  Roach x6  
  173  9:03  Roach  
  173  9:04  Roach x11  
  189  9:11  Roach  
  189  9:12  Roach x2  
  183  9:29  Hive  
  163  9:39  Roach x6  
  163  9:40  Roach x6  
  181  9:47  Roach x2  
  183  9:59  Roach  
  185  10:00  Roach x7  
  199  10:18  Overlord x2  
  199  10:23  Hatchery  
  174  10:35  Drone x2  
  174  10:36  Drone x16  
  188  10:48  Roach x6  
Show
View Real Time Build Order
Export as new Build Order

weirdfriend Zerg 

Build Orders: Hatch First 

Get SALT Encoding   

  12  0:00  Drone  
  13  0:12  Overlord  
  13  0:18  Drone  
  14  0:30  Drone x2  
  16  0:50  Hatchery  
  15  0:57  Drone  
  15  0:58  Drone  
  17  1:12  Drone  
  17  1:13  Spawning Pool  
  17  1:19  Drone x2  
  19  1:26  Extractor  
  19  1:30  Drone  
  19  1:41  Overlord  
  19  1:54  Drone  
  19  2:00  Queen  
  22  2:02  Queen  
  22  2:03  Zergling x4  
  26  2:15  Drone x2  
  28  2:25  Drone x2  
  30  2:34  Overlord  
  30  2:39  Drone  
  30  2:42  Queen  
  30  2:43  Queen  
  35  2:52  Drone x2  
  37  3:05  Evolution Chamber  
  37  3:06  Evolution Chamber  
  37  3:08  Evolution Chamber  
  34  3:17  Roach Warren  
  34  3:18  Queen  
  35  3:37  Metabolic Boost  
  35  3:38  Lair  
  35  3:40  Drone x5  
  40  3:41  Drone  
  40  3:46  Drone  
  40  3:47  Drone  
  43  3:49  Drone  
  44  3:59  Drone, Baneling Nest  
  44  4:02  Overlord  
  44  4:09  Overlord  
  44  4:21  Zerg Missile Weapons Level 1  
  44  4:23  Roach x2  
  48  4:28  Drone x3  
  48  4:29  Drone x2  
  53  4:32  Extractor  
  53  4:33  Extractor  
  53  4:35  Spine Crawler  
  53  4:37  Drone  
  53  4:38  Drone x2  
  53  4:39  Drone  
  53  4:41  Drone  
  53  4:43  Drone  
  57  4:45  Drone  
  57  5:01  Roach  
  57  5:03  Overlord  
  57  5:04  Overlord x2  
  59  5:08  Centrifical Hooks  
  59  5:19  Overseer  
  59  5:20  Hatchery  
  58  5:34  Roach x6  
  70  5:42  Zergling x14  
  77  5:51  Pneumatized Carapace  
  77  5:54  Drone x2  
  79  6:06  Hydralisk Den  
  79  6:08  Spore Crawler  
  77  6:12  Infestation Pit  
  77  6:13  Spore Crawler  
  77  6:14  Drone x2  
  77  6:16  Extractor, Drone x3  
  77  6:17  Drone  
  80  6:18  Drone x2  
  82  6:32  Zerg Melee Weapons Level 1  
  82  6:46  Hydralisk  
  82  6:47  Hydralisk x3  
  90  6:54  Overlord  
  90  6:55  Overlord x6  
  90  7:15  Hydralisk x4  
  92  7:16  Zergling x8  
  102  7:25  Grooved Spines  
  102  7:32  Baneling x2  
  102  7:33  Baneling  
  102  7:41  Drone x9  
  102  7:42  Drone x2  
  113  7:45  Extractor  
  113  7:51  Extractor  
  109  8:01  Zergling x26  
  111  8:17  Overlord x2  
  111  8:18  Hydralisk  
  111  8:19  Hydralisk x2  
  117  8:26  Baneling x11  
  117  8:27  Zergling x2  
  117  8:28  Zergling x14  
  125  8:35  Drone  
  125  8:37  Drone  
  125  8:38  Drone  
  128  8:43  Drone  
  128  8:46  Drone x2  
  102  9:17  Zergling x2  
  102  9:18  Zergling x26  
  108  9:25  Ravager  
  108  9:26  Ravager  
  108  9:30  Zergling x8  
  108  9:31  Zergling x8  
  92  9:43  Roach x4  
  71  9:55  Hydralisk x6  
  71  9:56  Zergling x4  
  71  9:59  Muscular Augments  
  65  10:26  Roach x2  
  65  10:27  Roach x5  
  67  10:36  Roach  
  67  10:37  Roach x4  
  69  10:46  Roach  
Tags
 
Add a new tag
Caveats
  • Supply blocks, unpowered buildings, or Contaminate may cause inaccurate times.
  • Supply counts are checked every 10 seconds.